 Dungeon Crawl Stone Soup version 0.31-a0-806-g0bc164a743 (webtiles) character file.

Game seed: 12772451440605595856

260 freelancePsychic the Gusty (level 5, -5/32 HPs)
             Began as a Deep Elf Air Elementalist on Sept 20, 2023.
             Killed from afar by a white imp (13 damage)
             ... with a puff of frost
             ... on level 5 of the Dungeon.
             The game lasted 00:06:33 (4756 turns).

freelancePsychic the Gusty (DEAE)                   Turns: 4756, Time: 00:06:33

Health: -5/32      AC:  2    Str:  2 (5)  XL:     5   Next: 95%
Magic:  11/11      EV: 11    Int: 33 (34) God:
Gold:   248        SH:  4    Dex: 13 (15) Spells: 5/10 levels left

rFire   . . .        k - +2 dagger (venom)
rCold   . . .        d - +0 buckler
rNeg    . . .        a - +0 robe
rPois   .            (no helmet)
rElec   .            (no cloak)
rCorr   .            (no gloves)
SInv    .            (no boots)
Will    .....        (no amulet)
Stlth   +            g - +6 ring of intelligence
HPRegen 0.25/turn    b - +6 ring of intelligence
MPRegen 0.12/turn

%: no passive effects
@: silenced
A: no striking features
a: no special abilities


You were on level 5 of the Dungeon.
You visited 1 branch of the dungeon, and saw 5 of its levels.
You also visited: Ossuary.

You collected 248 gold pieces.

Inventory:

Hand Weapons
 i - a +0 dagger
 k - a +2 dagger of venom (weapon)
 l - a +0 rapier
Missiles
 m - 2 curare-tipped darts
Armour
 a - a +0 robe (worn)
 d - a +0 buckler (worn)
Jewellery
 b - a +6 ring of intelligence (right hand)
 g - a +6 ring of intelligence (left hand)
Wands
 o - a wand of polymorph (13)
Scrolls
 h - a scroll of vulnerability
Potions
 c - a potion of degeneration
 f - 2 potions of curing {@q1}


   Skills:
 + Level 2.8 Fighting
 - Level 2.4 Dodging
 - Level 2.4 Stealth
 + Level 2.2 Shields
 - Level 3.0 Spellcasting
 - Level 1.1 Conjurations
 + Level 4.7 Air Magic


You had 5 spell levels left.
You knew the following spells:

 Your Spells              Type           Power      Damage    Failure   Level
a - Shock                 Conj/Air       96%        1d9       4%          1
b - Airstrike             Air            18%        2d(3-19)  19%         4

Your spell library contained the following spells:

 Spells                   Type           Power      Damage    Failure   Level
 Static Discharge         Conj/Air       48%        2-4/arc   6%          2
 Swiftness                Air            36%        N/A       6%          3
 Frozen Ramparts          Ice            8%         1d2       36%         3
 Petrify                  Tmut/Erth      4%         N/A       78%         4
 Metabolic Englaciation   Hex/Ice        2%         N/A       98%         5


Dungeon Overview and Level Annotations

Branches:
Dungeon (5/15)            Ossuary (visited)
 Temple: D:4-7

Altars:
Cheibriados
Gozag
Qazlal
Ru
Uskayaw


Message History

As you read the scroll labelled YTZIUH FUPNOYTABE, it crumbles to dust.
A profound silence engulfs you.
It was a scroll of silence.
You block the orc's attack.
Something hits the bush but does no damage.
You hit the orc but do no damage.
The orc is poisoned.
The orc closely misses you.
Something hits the bush.
You hit the orc.
The orc looks as sick as possible!
The orc is severely wounded.
You kill the orc!
The lemure attacks as it pursues you! The lemure misses you.
You hit the lemure.
The lemure is poisoned.
The lemure is lightly wounded.
The lemure hits you.
You hit the lemure but do no damage.
The lemure looks as sick as possible!
The lemure is lightly wounded.
The lemure barely misses you.
You hit the lemure.
The lemure looks as sick as possible!
The lemure is heavily wounded.
You block the lemure's attack.
You hit the lemure.
The lemure is heavily wounded.
You block the lemure's attack. The lemure hits you!
You hit the lemure.
The lemure looks as sick as possible!
The lemure is almost dead.
The lemure hits you!
A lemure comes into view.
The lemure attacks as it pursues you! The lemure hits you.
You kill the lemure!
That felt strangely unrewarding.
A lemure comes into view.
A lemure comes into view.
A white imp comes into view.
The white imp gestures at you. The puff of frost misses you.
The white imp gestures at you. The puff of frost hits you.
* * * LOW HITPOINT WARNING * * *
The white imp gestures at you. The puff of frost hits you!
You die...

####...##......##
########.####
#...# #..5# #...#
#...#
####..5######
........5....#.#
........5..@...#
#.............###
######...######
#...# #...# #...#
# #... . ## # # #
#..


You could see 2 lemures and a white imp.

Vanquished Creatures
  A lemure (D:5)
  A water moccasin zombie (Ossuary)
  An orc priest (D:4)
  Natasha (D:3)
  4 adders
  3 adder zombies (Ossuary)
  A worm (D:2)
  6 orcs
  5 giant cockroaches
  3 gnoll zombies (Ossuary)
  8 goblins
  10 hobgoblins
  7 jackals
  5 kobolds
  A quokka (D:4)
  8 ball pythons
  8 bats
  2 frilled lizards
  A goblin zombie (D:4)
  3 hobgoblin zombies (Ossuary)
  5 kobold zombies (Ossuary)
  5 orc zombies (Ossuary)
  4 rats
93 creatures vanquished.

Notes
Turn   | Place    | Note
-------+----------+-------------------------------------------
     0 | D:1      | freelancePsychic the Deep Elf Air Elementalist began the
                  | quest for the Orb.
     0 | D:1      | Reached XP level 1. HP: 10/10 MP: 6/6
   201 | D:1      | Reached XP level 2. HP: 16/16 MP: 5/8
   380 | D:1      | Reached skill level 1 in Fighting
  1132 | D:2      | Reached XP level 3. HP: 11/20 MP: 7/9
  1757 | D:2      | Found a snail-covered altar of Cheibriados.
  1797 | D:2      | Reached skill level 1 in Shields
  1797 | D:2      | Reached XP level 4. HP: 22/26 MP: 3/10
  2339 | D:2      | Learned a level 4 spell: Airstrike
  2398 | D:3      | Reached skill level 4 in Air Magic
  2437 | D:3      | Found a stormy altar of Qazlal.
  2438 | D:3      | Noticed an air elemental
  2449 | D:3      | Found an opulent altar of Gozag.
  2621 | D:3      | Noticed an earth elemental
  2634 | D:3      | Noticed a fire elemental
  2634 | D:3      | Noticed a water elemental
  2714 | D:3      | Noticed Natasha
  2722 | D:3      | Killed Natasha
  3086 | D:3      | Found a hide-covered altar of Uskayaw.
  3174 | D:4      | Found a sand-covered staircase.
  3182 | Ossuary  | Entered an ossuary
  3236 | Ossuary  | Reached XP level 5. HP: 8/31 MP: 9/11
  4076 | D:4      | Found a sacrificial altar of Ru.
  4711 | D:5      | Entered Level 5 of the Dungeon
  4711 | D:5      | Noticed a lemure
  4743 | D:5      | Noticed a lemure
  4744 | D:5      | Killed a lemure
  4745 | D:5      | Noticed a lemure
  4748 | D:5      | Noticed a lemure
  4756 | D:5      | Killed from afar by a white imp

Illustrated notes

Levels and vault maps discovered:
D:1:      lightli_arrival_maybe_door_vault, layout_basic
D:2:      layout_basic, basic_altar, chequers_serial_rivers_large_b,
          amcnicky_mini_rare_corridor_liquid
D:3:      layout_rooms, nicolae_qazlal_style_of_elements,
          nicolae_uskayaw_suspiria, grunt_gozag_breadcrumbs,
          dreamdust_princess_corridor, uniq_natasha
D:4:      layout_loops_cross, mainiacjoe_overflow_24_doors, enter_ossuary_4,
          kennysheep_minor_cross, nicolae_titane
D:5:      layout_loops_cross, nicolae_elyvilon_peaceful_grove,
          nicolae_shop_sticking_my_neck_out, uniq_pikel

Skill      XL: |  1  2  3  4  5 |
---------------+----------------+-----
Fighting       | 1 2 |  2.8
Shields        | 1 2 |  2.2
Air Magic      | 4 |  4.7
Dodging        | |  2.4
Stealth        | |  2.4
Spellcasting   | |  3.0
Conjurations   | |  1.1

Action                     |  1- 3 |  4- 6 || total
---------------------------+-------+-------++-------
  Melee: Unarmed           |     8 |       ||     8
         Dagger            |       |    31 ||    31
   Cast: Shock             |    87 |   115 ||   202
    Use: Potion            |     2 |     4 ||     6
         Scroll            |       |     6 ||     6
   Stab: Sleeping          |       |     1 ||     1
 Armour: Robe              |    13 |    40 ||    53
  Dodge: Dodged            |    14 |    31 ||    45
  Block: Buckler           |     1 |    13 ||    14

Table legend: (Time is in decaauts)
 A = Elapsed time spent in this place.
 B = Non-inter-level travel time spent in this place.
 C = Inter-level travel time spent in this place.
 D = Time resting spent in this place.
 E = Time spent auto-exploring this place.
 F = Levels seen in this place.
 G = Mean time per level.
                   A        B        C        D        E       F      G
               +--------+--------+--------+--------+--------+-----+--------+
         Total |   4805 |   4583 |    222 |     90 |   3871 |   6 |  800.8 |
       Dungeon |   4173 |   3951 |    222 |      0 |   3455 |   5 |  834.6 |
       Ossuary |    632 |    632 |      0 |     90 |    416 |   1 |  632.0 |
               +--------+--------+--------+--------+--------+-----+--------+

Top non-repeatable levels by time:
     D:2: 1369 daAuts
     D:1: 1065 daAuts
     D:4: 984 daAuts
     D:3: 706 daAuts
 Ossuary: 632 daAuts
     D:5: 47 daAuts
